 Dungeon Crawl Stone Soup version 0.21.1-1-g345015f (webtiles) character file.

8898 nulman the Covert (level 11, -8/56 HPs)
             Began as a Spriggan Assassin on June 9, 2018.
             Was a Believer of Dithmenos.
             Killed from afar by an electric eel (10 damage)
             ... with a bolt of electricity
             ... on level 11 of the Dungeon.
             The game lasted 02:48:52 (17131 turns).

nulman the Covert (Spriggan Assassin)              Turns: 17131, Time: 02:49:04

Health: -8/56      AC:  3    Str: 12    XL:     11   Next: 15%
Magic:  11/12      EV: 27    Int: 13    God:    Dithmenos [**....]
Gold:   447        SH:  0    Dex: 27    Spells: 10/11 levels left

rFire    . . .     SeeInvis +   Z - +2 rapier of Law {protect, rN+ Str+4 Dex+7 Stlth+}
rCold    . . .     Gourm    .   (shield restricted)
rNeg     + . .     Faith    .   c - +0 robe
rPois    .         Spirit   .   (helmet restricted)
rElec    .         Reflect  .   d - +0 cloak
rCorr    .         Harm     .   (gloves unavailable)
MR       +....                  (boots unavailable)
Stlth    +++++++++.             D - amulet of rage
HPRegen  0.18/turn              h - ring of wizardry
MPRegen  0.13/turn              (no ring)

@: very slightly contaminated, wreathed by umbra, studying Transmutations, very
quick
A: very small, unfitting armour, see invisible, herbivore, speed 3, slow
metabolism 2
a: Shadow Step, Renounce Religion, Evoke Berserk Rage


You were on level 11 of the Dungeon.
You worshipped Dithmenos.
Dithmenos was pleased with you.
You were hungry.

You visited 2 branches of the dungeon, and saw 12 of its levels.

You collected 447 gold pieces.

Inventory:

Hand Weapons
 b - a +0 blowgun
 k - a +0 hunting sling
 y - a +4 dagger of holy wrath
 I - a +2 shortbow of freezing
 R - a +2 rapier of holy wrath
 W - a +6 hand crossbow
 Z - the +2 rapier of Law (weapon) {protect, rN+ Str+4 Dex+7 Stlth+}
   (You found it on level 9 of the Dungeon)

   It protects the one who uses it against injury (+AC on strike).
   It affects your strength (+4).
   It affects your dexterity (+7).
   It protects you from negative energy.
   It makes you more stealthy.
Missiles
 e - 55 poisoned needles
 m - 150 arrows
 n - 391 stones
 q - 64 sling bullets
 z - 52 bolts
 K - 3 curare-tipped needles
 S - 2 tomahawks (quivered)
Armour
 c - a +0 robe (worn)
 d - a +0 cloak (worn)
 J - a +0 robe of cold resistance
Magical Staves
 l - an uncursed staff of poison {unknown}
Jewellery
 h - a ring of wizardry (left hand)
 r - an uncursed ring of fire
 w - a +3 ring of intelligence {unknown}
 D - an amulet of rage (around neck)
 F - a cursed amulet of inaccuracy {unknown}
 H - an uncursed amulet of guardian spirit {unknown}
 T - an uncursed ring of poison resistance {unknown}
 X - the ring of Beogh's Regard {rF- rN+ MR++ Int+4, unknown}
   (You found it on level 9 of the Dungeon)

   [ring of positive energy]

   It affects your intelligence (+4).
   It makes you vulnerable to fire.
   It protects you from negative energy.
   It affects your resistance to hostile enchantments.
Wands
 O - a wand of acid (7)
 P - a wand of paralysis (9)
 V - a wand of disintegration (13)
Scrolls
 j - 2 scrolls of enchant weapon
 p - 9 scrolls of teleportation
 s - 3 scrolls of fog
 u - a scroll of summoning
 v - a scroll of fear
 B - a scroll of remove curse {unknown}
 G - a scroll of magic mapping {unknown}
 N - a scroll of acquirement {unknown}
 Q - a scroll of amnesia {unknown}
Potions
 a - 2 potions of heal wounds {unknown}
 f - 3 potions of curing
 o - 3 potions of mutation {unknown}
 t - a potion of invisibility
 x - 2 potions of haste {unknown}
 A - 4 potions of lignification
 C - 4 potions of brilliance
 E - 3 potions of resistance {unknown}
 L - a potion of flight
 M - a potion of degeneration {unknown}
Books
 i - a manual of Transmutations
 U - a Young Poisoner's Handbook

   Spells                             Type                      Level
   a - Sting                          Conjuration/Poison           1
   b - Poisonous Vapours              Poison/Air                   2
   c - Mephitic Cloud                 Conjuration/Poison/Air       3
   d - Olgreb's Toxic Radiance        Poison                       4
   e - Venom Bolt                     Conjuration/Poison           5
 Y - a book of Beasts

   Spells                             Type                      Level
   a - Summon Butterflies             Summoning                    1
   b - Call Canine Familiar           Summoning                    3
   c - Summon Ice Beast               Ice/Summoning                4
   d - Summon Mana Viper              Hexes/Summoning              5
   e - Summon Hydra                   Summoning                    7
Comestibles
 g - 16 rations


   Skills:
 + Level 6.0 Fighting
 + Level 9.1 Short Blades
 + Level 8.8 Throwing
 + Level 8.2 Dodging
 + Level 14.4 Stealth
 + Level 0.6 Spellcasting
 + Level 0.1 Conjurations
 + Level 1.0 Poison Magic


You had 10 spell levels left.
You knew the following spells:

 Your Spells              Type           Power        Failure   Level  Hunger
a - Sting                 Conj/Pois      #...         9%          1    ##.....


Dungeon Overview and Level Annotations

Branches:
Dungeon (11/15)            Temple (1/1) D:7
   Lair: D:8-11         Orc: D:9-12

Altars:
Ashenzari
Cheibriados
Dithmenos
Elyvilon
Fedhas
Gozag
Hepliaklqana
Kikubaaqudgha
Makhleb
Nemelex Xobeh
Okawaru
Qazlal
Ru
Sif Muna
Trog
Uskayaw
Vehumet
Wu Jian
Xom
Yredelemnul
Zin
The Shining One

Shops:
D:5 :   D:8 (

Annotations:
D:4 Iko's ghost, amateur MfWn
D:5 Menkaure


Innate Abilities, Weirdness & Mutations

You are very small and have problems with some larger weapons.
You are too small for most types of armour.
You have supernaturally acute eyesight. (SInv)
You are a herbivore.
You cover ground extremely quickly.
You need consume almost no food.


Message History

The bolt of electricity hits you!
You hear a howl!
An electric eel comes into view.
You hear a bark!
An ice beast comes into view.
You miss the electric eel.
The electric eel shoots out a bolt of lightning at you!
The bolt of electricity hits the electric eel.
The electric eel completely resists.
The bolt of electricity misses you.
You hear a shout!
The electric eel shoots out a bolt of lightning at you!
The bolt of electricity hits you!
* * * LOW HITPOINT WARNING * * *
The electric eel shoots out a bolt of lightning at you!
The bolt of electricity hits the electric eel.
The electric eel completely resists.
The bolt of electricity hits you!
* * * LOW HITPOINT WARNING * * *
The electric eel shoots out a bolt of lightning at you!
The bolt of electricity hits you!
You die...

≈≈≈≈≈≈≈ ≈≈≈≈≈.≈
≈≈≈≈≈≈.
##+######≈≈;≈≈..
#........≈≈≈≈≈≈.
#........;≈≈≈≈h.
+.........≈≈≈≈≈.
#<†........≈≈≈≈≈
#†...@.....Y≈≈≈≈
#............≈≈≈
#...........≈≈≈≈
#..........≈.≈≈≈
#########.$.J≈≈≈
.....≈≈ .......
....... ..#####


You could see an ice beast, a jelly (wandering) and 2 electric eels.

Vanquished Creatures
  Snorg (D:11)
  A centaur warrior (D:9)
  2 two-headed ogres
  Pikel (D:7)
  A kobold demonologist (D:9)
  A troll (D:9)
  A hippogriff (D:9)
  Grinder (D:5)
  A human (D:9)
  A yak (D:9)
  3 hogs (D:9)
  A hungry ghost (D:7)
  2 ice beasts
  2 orc warriors (D:9)
  2 sky beasts
  A centaur (D:9)
  2 ogres
  A wolf (D:10)
  A crocodile (D:10)
  9 big kobolds
  A wyvern skeleton (D:9)
  5 bullfrogs
  A water moccasin zombie (D:8)
  5 scorpions
  8 wights (D:6)
  4 howler monkeys
  8 crimson imps
  A bullfrog zombie (D:9)
  4 centaur skeletons
  4 hounds
  2 jellies (D:9)
  7 orc wizards
  5 orc priests
  A bullfrog skeleton (D:9)
  An iguana (D:8)
  6 worker ants
  2 hound skeletons (D:7)
  10 adders
  A shadow imp (D:9)
  2 adder skeletons (D:4)
  3 worms
  6 dart slugs
  9 leopard geckos
  33 orcs
  A ball python (D:4)
  6 giant cockroaches
  11 goblins
  8 hobgoblins
  9 jackals
  15 kobolds
  4 quokkas
  9 bats
  A frilled lizard (D:3)
  4 rats
  2 plants
234 creatures vanquished.

Notes
Turn   | Place    | Note
-------+----------+-------------------------------------------
     0 | D:1      | nulman the Spriggan Assassin began the quest for the Orb.
     0 | D:1      | Reached XP level 1. HP: 10/10 MP: 2/2
   352 | D:1      | Reached skill level 6 in Stealth
   425 | D:1      | Reached XP level 2. HP: 15/15 MP: 3/3
   824 | D:1      | Reached XP level 3. HP: 18/18 MP: 4/4
  1549 | D:2      | Reached skill level 7 in Stealth
  1638 | D:2      | Reached XP level 4. HP: 23/23 MP: 5/5
  1645 | D:2      | Found a hide-covered altar of Uskayaw.
  2629 | D:3      | Reached XP level 5. HP: 26/26 MP: 6/6
  3322 | D:3      | Reached skill level 8 in Stealth
  4226 | D:3      | Reached XP level 6. HP: 31/31 MP: 7/7
  6795 | D:4      | Noticed Iko's ghost (amateur MfWn)
  7179 | D:4      | Found a sparkling altar of Nemelex Xobeh.
  7607 | D:5      | Entered Level 5 of the Dungeon
  7661 | D:5      | Reached skill level 9 in Stealth
  7661 | D:5      | Reached XP level 7. HP: 35/35 MP: 8/8
  7698 | D:5      | Noticed Menkaure
  8439 | D:5      | Noticed Grinder
  8757 | D:5      | Killed Grinder
  8988 | D:5      | Found a snail-covered altar of Cheibriados.
  9096 | D:5      | Found a burning altar of Makhleb.
  9096 | D:5      | Found an ornate altar of the Wu Jian Council.
  9156 | D:5      | Reached skill level 5 in Short Blades
  9156 | D:5      | Reached XP level 8. HP: 23/40 MP: 9/9
  9180 | D:5      | Reached skill level 5 in Throwing
  9341 | D:5      | Found Helory's Book Boutique.
  9681 | D:6      | Reached skill level 5 in Dodging
  9682 | D:6      | Reached skill level 10 in Stealth
 11261 | D:7      | Found a staircase to the Ecumenical Temple.
 11268 | D:7      | Reached skill level 11 in Stealth
 11281 | Temple   | Entered the Ecumenical Temple
 11430 | Temple   | Became a worshipper of Dithmenos the Shadowed
 11484 | D:7      | Found a hazy altar of Hepliaklqana.
 11750 | D:7      | Noticed Pikel
 11827 | D:7      | Killed Pikel
 11827 | D:7      | Reached XP level 9. HP: 45/45 MP: 10/10
 12271 | D:8      | Noticed a two-headed ogre
 12324 | D:8      | Killed a two-headed ogre
 12324 | D:8      | Reached skill level 12 in Stealth
 12596 | D:8      | Found Coixeegred's Weapon Boutique.
 12804 | D:9      | Noticed a centaur warrior
 12970 | D:9      | Reached skill level 13 in Stealth
 13183 | D:8      | Reached * piety under Dithmenos
 14118 | D:9      | Reached XP level 10. HP: 43/51 MP: 11/11
 14401 | D:9      | Noticed a two-headed ogre
 14453 | D:9      | Killed a two-headed ogre
 14555 | D:9      | Learned a level 1 spell: Sting
 14567 | D:9      | Got a bound glass ring
 14571 | D:9      | Got an encrusted rapier
 14623 | D:9      | Identified the +2 rapier of Law {protect, rN+ Str+4 Dex+7 Stlth+} (You found it on level 9 of the Dungeon)
 14657 | D:10     | Entered Level 10 of the Dungeon
 14709 | D:11     | Noticed Snorg
 14710 | D:11     | Killed Snorg
 14710 | D:11     | Reached skill level 5 in Fighting
 14710 | D:11     | Reached skill level 14 in Stealth
 15005 | D:9      | Killed a centaur warrior
 15243 | D:9      | Reached ** piety under Dithmenos
 15578 | D:9      | Found a blossoming altar of Fedhas.
 15765 | D:9      | Reached XP level 11. HP: 56/56 MP: 12/12
 16513 | D:10     | Reached skill level 1 in Poison Magic
 17131 | D:11     | HP: 2/56 [electric eel/bolt of electricity (14)]
 17131 | D:11     | Killed from afar by an electric eel

Skill      XL: |  1  2  3  4  5  6  7  8  9 10 11 |
---------------+----------------------------------+-----
Stealth        | 6 7 8 9 11 13 14 | 14.4
Fighting       | 2 3 4 5 6 |  6.0
Dodging        | 2 3 4 6 7 8 |  8.2
Short Blades   | 3 4 5 6 7 8 9 |  9.1
Throwing       | 3 4 6 8 |  8.8
Poison Magic   | 1 |  1.0
Spellcasting   | |  0.6
Conjurations   | |  0.1

Action                   |  1- 3 |  4- 6 |  7- 9 | 10-12 || total
-------------------------+-------+-------+-------+-------++-------
Melee: Dagger            |   195 |   297 |   433 |    25 ||   950
       Rapier            |       |       |       |   296 ||   296
 Fire: Blowgun           |     5 |    58 |    62 |    20 ||   145
       Hunting sling     |       |       |       |    16 ||    16
Throw: Stone             |       |    28 |    24 |       ||    52
       Tomahawk          |       |       |     8 |     6 ||    14
 Cast: Sting             |       |       |       |    19 ||    19
 Abil: Evoke Berserk Rag |       |       |       |     1 ||     1
  Use: Scroll            |       |     5 |     4 |     4 ||    13
       Potion            |       |     4 |       |       ||     4
 Stab: Sleeping          |    16 |    21 |    15 |     7 ||    59
       Distracted        |       |     1 |     1 |     3 ||     5
  Eat: Ration            |       |     2 |     3 |     3 ||     8
Armor: Robe              |    14 |    13 |    11 |    31 ||    69
Dodge: Dodged            |    47 |   177 |   190 |   277 ||   691
